 Dungeon Crawl Stone Soup version 0.31-a0-167-g1c394c0614 (webtiles) character file.

Game seed: 3595914067257067559

58 qw the Shooter (level 4, -3/28 HPs)
             Began as a Gargoyle Hunter on June 14, 2023.
             Killed by divine providence
             ... invoked by an orc priest
              (12 damage)
             ... on level 4 of the Dungeon.
             The game lasted 00:00:30 (1182 turns).

qw the Shooter (Gargoyle Hunter)                    Turns: 1182, Time: 00:00:31

Health: -3/28      AC:  7    Str: 15    XL:     4   Next: 2%
Magic:  4/4        EV: 26    Int:  9    God:
Gold:   65         SH:  0    Dex: 15    Spells: 3/3 levels left

rFire   . . .        Y - +0 shortbow
rCold   . . .        (shield currently unavailable)
rNeg    + . .        c - +0 leather armour
rPois   inf          (no helmet)
rElec   +            (no cloak)
rCorr   .            g - +0 pair of gloves
SInv    .            (no boots)
Will    .....        f - amulet of the acrobat
Stlth   +            (no ring)
HPRegen 0.24/turn    (no ring)
MPRegen 0.09/turn

%: acrobat
@: confused, acrobatic
A: sickness immunity, AC +3, negative energy resistance 1, electricity
resistance, torment resistance 1, petrification resistance
a: no special abilities


You were on level 4 of the Dungeon.
You visited 1 branch of the dungeon, and saw 3 of its levels.

You collected 65 gold pieces.


Innate Abilities, Weirdness & Mutations

You are immune to sickness and miasma.
Your stone body is resilient. (AC +3)
You are immune to poison.
You resist negative energy. (rN+)
You are resistant to electric shocks. (rElec)
You are resistant to unholy torment.
You are immune to petrification.


   Skills:
 - Level 3.1 Fighting
 + Level 5.0 Ranged Weapons
 - Level 1.5 Dodging
 - Level 1.1 Stealth


You had 3 spell levels left.
You didn't know any spells.
Your spell library was empty.

Inventory:

Hand Weapons
 Y - a +0 shortbow (weapon)
Armour
 c - a +0 leather armour (worn)
 d - a +0 pair of boots
 g - a +0 pair of gloves (worn)
Jewellery
 f - an amulet of the acrobat (around neck)
Scrolls
 a - a scroll of torment {unknown}
Potions
 b - a potion of degeneration {unknown}
 e - 2 potions of mutation {unknown}
 i - a potion of heal wounds {unknown}
 j - a potion of ambrosia {unknown}

Dungeon Overview and Level Annotations

Branches:
Dungeon (4/15)
 Temple: D:4-7

Altars:


Message History

You shoot an arrow. The arrow hits the orc priest.
The orc priest is heavily wounded.
An orc wizard comes into view. It is wielding a +0 dagger.
The orc priest calls down the wrath of Beogh upon you.
Beogh smites you!
The orc wizard shouts!
You shoot an arrow.
The arrow closely misses the orc priest.
The arrow hits the plant but does no damage.
You shoot an arrow. The arrow hits the orc priest.
The orc priest is heavily wounded.
An endoplasm comes into view.
You shoot an arrow. The arrow barely misses the orc priest.
The arrow completely misses the endoplasm.
You shoot an arrow.
The arrow completely misses the orc priest.
The arrow hits the endoplasm.
The endoplasm is lightly wounded.
The orc priest calls upon Beogh to heal the orc priest.
The orc priest is healed somewhat.
You shoot an arrow. The arrow hits the orc wizard.
The orc wizard is moderately wounded.
The orc wizard points at you and mumbles some strange words.
You are confused.
The orc wizard casts a spell at you. The puff of flame misses you.
The orc priest looks encouraged for a moment.
The orc priest invokes the aid of Beogh against you.
Beogh smites you!
Ouch! That really hurt!
The orc priest calls upon Beogh to heal the orc wizard.
The orc wizard's wounds heal themselves!
The orc priest invokes the aid of Beogh against you.
You barely resist.
The orc wizard gestures wildly while chanting.
The orc wizard flickers and vanishes!
Deactivating autopickup; reactivate with Ctrl-A.
The orc priest invokes the aid of Beogh against you.
Beogh smites you!
You die...

...~~~........# ..
......P~~~~........##...
....P.~~~~~.............
#)..~~~~~~~............
#..~Joo~~~~~~P........
#)P~~~~~~~~~~P........
#...~~~~~~~~.%%...#
#...~ยค~~~~P.P.....##
#...P.@~~..P.......#
#........P.........#
#....##............#
#.... #.....##....##
..... #......##....##
..... #.......#.....#
.... #.......#.....#
.... #.../...#.....#...
#......##....##...


You could see 2 orc priests and an endoplasm.

Vanquished Creatures
  2 adders (D:4)
  2 dart slugs
  2 orcs (D:4)
  3 endoplasms
  A giant cockroach (D:1)
  5 goblins (D:1)
  2 hobgoblins
  2 jackals (D:2)
  A quokka (D:1)
  A ball python (D:1)
  3 bats (D:1)
  A frilled lizard (D:2)
  6 kobolds
  3 rats (D:1)
34 creatures vanquished.

Notes
Turn   | Place    | Note
-------+----------+-------------------------------------------
     0 | D:1      | qw the Gargoyle Hunter began the quest for the Orb.
     0 | D:1      | Reached XP level 1. HP: 12/12 MP: 1/1
     0 | D:1      | 0 ||| qw: Version: 0.2-a-29-g1fa15c8
     0 | D:1      | 0 ||| qw: Game counter: 4935
     0 | D:1      | 0 ||| qw: Always use a shield: true
     0 | D:1      | 0 ||| qw: God list: Okawaru
     0 | D:1      | 0 ||| qw: Allow faded altars: false
     0 | D:1      | 0 ||| qw: Do Orc after D:15 true
     0 | D:1      | 0 ||| qw: Do second Lair branch before Depths: true
     0 | D:1      | 0 ||| qw: Lair rune preference: random
     0 | D:1      | 0 ||| qw: Plans: Normal, Zot:1-4, Slime:5, God:TSO, Crypt,
                  | Tomb, Abyss, Pan, Hells, Win
     0 | D:1      | 0 ||| PLANNING D:1-11
   147 | D:1      | Reached XP level 2. HP: 17/17 MP: 2/2
   839 | D:1      | 839 ||| UPGRADING to +0 pair of gloves.
   844 | D:1      | 844 ||| UPGRADING to amulet of the acrobat.
   849 | D:1      | 849 ||| READING scroll labelled EMUXEIMNUTIKH.
   850 | D:1      | 850 ||| READING scroll labelled ZIXU OMEKUF.
   851 | D:1      | 851 ||| DRINKING 2 sapphire potions.
   852 | D:1      | 852 ||| DRINKING 2 glowing green potions.
   853 | D:1      | 853 ||| DROPPING scroll of butterflies.
   854 | D:1      | 854 ||| DROPPING potion of enlightenment.
   855 | D:1      | 855 ||| DROPPING potion of brilliance.
   954 | D:2      | Reached XP level 3. HP: 21/21 MP: 3/3
   960 | D:2      | Reached skill level 5 in Ranged Weapons
  1093 | D:2      | You fall into a shaft and drop 2 floors!
  1140 | D:4      | Reached skill level 3 in Fighting
  1171 | D:4      | Reached XP level 4. HP: 28/28 MP: 4/4
  1182 | D:4      | Killed from afar by an orc priest

Levels and vault maps discovered:
D:1:      dpeg_arrival_court, layout_basic, minmay_misc_feat_ornament
D:2:      minmay_spotlight, layout_loops_ring, chequers_serial_rivers_room_b,
          minmay_misc_feat_pillars, minmay_distorted, uniq_jessica, uniq_sigmund
D:4:      layout_gridville, overflow_temple_1_default,
          overflow_temple_1_default, mainiacjoe_overflow_surrounded_room,
          guppyfry_early_lair_pool

Skill      XL: |  1  2  3 |
---------------+----------+-----
Ranged Weapons | 5 |  5.0
Fighting       | 3 |  3.1
Dodging        | |  1.5
Stealth        | |  1.1

Action                     |  1- 3 |  4- 6 || total
---------------------------+-------+-------++-------
   Fire: Shortbow          |   120 |     6 ||   126
    Use: Scroll            |     2 |       ||     2
         Potion            |     2 |       ||     2
 Armour: Leather armour    |    23 |       ||    23
  Dodge: Dodged            |    35 |     1 ||    36

Table legend:
 A = Non-vault XP
 B = Vault XP
 C = Vault XP percentage of total XP
 D = Non-vault monster count
 E = Vault monster count
 F = Vault count percentage of total count
                 A         B        C        D         E       F
            +---------+---------+-------+---------+---------+-------
      Total |      54 |      30 |  35.7 |      31 |       3 |   8.8
            +---------+---------+-------+---------+---------+-------
        D:1 |      33 |       0 |   0.0 |      22 |       0 |   0.0
        D:2 |      15 |       2 |  11.8 |       7 |       1 |  12.5
        D:4 |       6 |      28 |  82.4 |       2 |       2 |  50.0
            +---------+---------+-------+---------+---------+-------
